 Dungeon Crawl Stone Soup version 0.29.1-15-g9cfb28693d (webtiles) character file.

Game seed: 13680962601851749389

411 Wiggles the Cleaver (level 6, -2/51 HPs)
             Began as a Minotaur Berserker on Mar 28, 2023.
             Was a Priest of Trog.
             Slain by an ogre
             ... wielding a +0 giant club
              (23 damage)
             ... on level 4 of the Dungeon.
             The game lasted 00:03:55 (2963 turns).

Wiggles the Cleaver (Minotaur Berserker)            Turns: 2963, Time: 00:03:56

Health: -2/51      AC: 11    Str: 23    XL:     6   Next: 58%
Magic:  5/5        EV:  7    Int:  4    God:    Trog [***...]
Gold:   171        SH:  0    Dex: 10    Spells: 5/5 levels left

rFire   . . .      SeeInvis .   a - +0 hand axe
rCold   . . .      Faith    .   (no shield)
rNeg    + . .      Spirit   .   k - +0 plate armour
rPois   .          Reflect  .   (helmet restricted)
rElec   .          Harm     .   (no cloak)
rCorr   .          Rampage  .   (no gloves)
Will    .....                   (no boots)
Stlth   ..........              (no amulet)
HPRegen 0.17/turn               e - ring of positive energy
MPRegen 0.09/turn               (no ring)

@: no status effects
A: horns 2, retaliatory headbutt
a: Renounce Religion, Berserk, Trog's Hand


You were on level 4 of the Dungeon.
You worshipped Trog.
Trog was most pleased with you.
You visited 1 branch of the dungeon, and saw 4 of its levels.

You collected 171 gold pieces.

Inventory:

Hand Weapons
 a - a +0 hand axe (weapon)
Armour
 k - a +0 plate armour (worn)
Jewellery
 e - a ring of positive energy (left hand)
Scrolls
 b - a scroll of enchant armour {unknown}
 d - 2 scrolls of noise {unknown}
 f - 5 scrolls of identify {unknown}
 j - 2 scrolls of acquirement {unknown}
 l - 2 scrolls of immolation {unknown}
 p - a scroll of brand weapon {unknown}
 q - 3 scrolls of enchant weapon {unknown}
 s - a scroll of poison {unknown}
Potions
 c - 3 potions of haste {unknown}
 g - 3 potions of heal wounds {unknown}
 h - a potion of might {unknown}
 i - a potion of invisibility {unknown}
 m - a potion of ambrosia {unknown}
 n - a potion of magic {unknown}
 o - a potion of mutation {unknown}
 r - a potion of brilliance {unknown}
 t - a potion of lignification {unknown}
 u - a potion of curing {unknown}


   Skills:
 - Level 3.6 Fighting
 + Level 8.9 Axes
 - Level 2.4 Armour
 - Level 2.1 Dodging
 + Level 0.6 Stealth


You had 5 spell levels left.
You didn't know any spells.
Your spell library was empty.

Dungeon Overview and Level Annotations

Branches:
Dungeon (4/15)
 Temple: D:4-7

Altars:
Cheibriados

Shops:
D:3 (


Innate Abilities, Weirdness & Mutations

You have a pair of horns on your head.
You reflexively headbutt those who attack you in melee.


Message History

The ogre barely misses you.
You hit the ogre.
You kill the ogre!
Trog accepts your kill.
An endoplasm comes into view.
You see here a +0 giant club.
An endoplasm is nearby!
No reachable target in view!
No reachable target in view!
The endoplasm quivers.
You hit the endoplasm.
The endoplasm is moderately wounded.
The endoplasm hits you but does no damage.
You hit the endoplasm. You headbutt the endoplasm.
You kill the endoplasm!
Trog accepts your kill.
Found 3 stones.
You see here 3 stones.
You see here 3 stones.
An ogre comes into view. It is wielding a +0 giant club.
An ogre is nearby!
The ogre hits you with a +0 giant club!
You are too injured to fight recklessly!
You are too injured to fight recklessly!
You are too injured to fight recklessly!
You are too injured to fight recklessly!
You hit the ogre.
The ogre is lightly wounded.
You hit the ogre. You headbutt the ogre.
The ogre is moderately wounded.
The ogre hits you with a +0 giant club!!
You hit the ogre. You headbutt the ogre.
The ogre is heavily wounded.
You hit the ogre.
The ogre is severely wounded.
The ogre barely misses you.
You hit the ogre. You headbutt the ogre.
The ogre is almost dead.
The ogre hits you with a +0 giant club!!
You die...

#...# #......# ###
####...#####.##...# #..
#.............#.#.#####..
####.................##.....
................>.#..##.##..
...####...#####.#.#..##.##..
.. ###...### #......##.####
. #.......# ###)#.###.#
##.#...#@# #)#.###.#
##..#...#O# #.#.....# #.#
#.......#.# #.####..# #
#.#####..#...#.#
#.......####
#..............#
###......>##
...####.......###
#####.##.##.##
#.####..####.#
#...#.##.....† #.#.....#
.#####...#.#####)##
#.#.##..# ........#.#####.##


You could see an ogre.

Vanquished Creatures
  An ogre (D:4)
  A scorpion (D:4)
  2 hounds (D:4)
  An iron imp (D:3)
  An orc priest (D:3)
  An iguana (D:4)
  5 adders
  A worm (D:3)
  2 dart slugs (D:2)
  3 orcs
  5 endoplasms
  3 giant cockroaches
  9 hobgoblins
  5 jackals
  3 quokkas
  5 ball pythons
  A bat (D:3)
  5 frilled lizards
  3 goblins
  6 kobolds
  10 rats
73 creatures vanquished.

Notes
Turn   | Place    | Note
-------+----------+-------------------------------------------
     0 | D:1      | Wiggles the Minotaur Berserker began the quest for the Orb.
     0 | D:1      | Reached XP level 1. HP: 19/19 MP: 0/0
    70 | D:1      | Reached skill level 4 in Axes
   325 | D:1      | Reached XP level 2. HP: 26/26 MP: 1/1
   685 | D:2      | Reached skill level 5 in Axes
   685 | D:2      | Reached XP level 3. HP: 29/31 MP: 2/2
   861 | D:2      | Reached ** piety under Trog
  1368 | D:3      | Reached skill level 6 in Axes
  1368 | D:3      | Reached XP level 4. HP: 39/39 MP: 3/3
  1639 | D:3      | Found Yrauxiew's Antique Weapon Emporium.
  1955 | D:3      | Reached XP level 5. HP: 45/45 MP: 4/4
  2017 | D:3      | Found a snail-covered altar of Cheibriados.
  2024 | D:3      | Reached skill level 7 in Axes
  2531 | D:4      | Reached *** piety under Trog
  2532 | D:4      | Reached skill level 8 in Axes
  2532 | D:4      | Reached XP level 6. HP: 19/51 MP: 5/5
  2963 | D:4      | Slain by an ogre

Illustrated notes

Levels and vault maps discovered:
D:1:      minmay_arrival_hallway, layout_rooms
D:2:      layout_rooms
D:3:      layout_basic, slow_altar_2, serial_glass, glass_columns_b,
          glass_columns_a, glass_columns_c, glass_columns_b, item_on_display_a,
          feat_on_display, serial_shops, shop
D:4:      layout_loops_cross, nicolae_qazlal_eye_of_the_storm,
          minmay_misc_feat_chi, kennysheep_minor_cross, minmay_misc_feat_plants

Skill      XL: |  1  2  3  4  5 |
---------------+----------------+-----
Axes           | 4 5 6 8 |  8.9
Fighting       | |  3.6
Armour         | |  2.4
Dodging        | |  2.1
Stealth        | |  0.6

Action                   |  1- 3 |  4- 6 || total
-------------------------+-------+-------++-------
Melee: Hand axe          |    93 |    97 ||   190
       Headbutt          |     9 |    16 ||    25
       Punch             |     1 |     1 ||     2
 Stab: Distracted        |     1 |       ||     1
Armor: Animal skin       |     5 |       ||     5
       Plate armour      |    53 |    45 ||    98
Dodge: Dodged            |    53 |    29 ||    82
